TOP OF THE 1ST |
Madison Brewers batting - Pitching for Calgary Flames : RHP Nick Munk
|
Pitching: RHP Nick Munk
|
|
Batting: LHB Andy Buschlen
|
0-0: Ball 1-0: Swinging Strike 1-1: Foul Ball, location: 2F 1-2: Foul Ball, location: 2F 1-2: Ball 2-2: Foul Ball, location: 2F 2-2: Ball 3-2: Strikes out swinging
|
Batting: LHB Jose Simental
|
0-0: Foul Ball, location: 2F 0-1: Ball 1-1: Ball 2-1: Ball 3-1: Swinging Strike 3-2: Foul Ball, location: 2F 3-2: Base on Balls
|
Batting: LHB Bill Kovac
|
0-0: Ball Jose Simental is caught stealing 2nd base 2-6 1-0: Called Strike 1-1: Ball 2-1: Ball 3-1: Foul Ball, location: 2F 3-2: Base on Balls
|
Batting: RHB Jelani Griffin
|
0-0: Foul Ball, location: 2F 0-1: Ball Bill Kovac steals 2nd base 1-1: Ball 2-1: Foul Ball, location: 2F 2-2: Ball 3-2: Fly out, F4 (Flyball, 4D, EV 85.0 MPH)
|
Top of the 1st over - 0 runs, 0 hits, 0 errors, 1 left on base; Madison 0 - Calgary 0 |
BOTTOM OF THE 1ST |
Calgary Flames batting - Pitching for Madison Brewers : RHP Dillon Atkinson
|
Pitching: RHP Dillon Atkinson
|
|
Batting: LHB Garrett Dodge
|
0-0: Foul Ball, location: 2F 0-1: Ball 1-1: Foul Ball, location: 2F 1-2: Ball 2-2: Foul Ball, location: 2F 2-2: Fly out, F8 (Flyball, 8RS, EV 83.1 MPH)
|
Batting: RHB Andre Thompson
|
0-0: Fly out, F8 (Flyball, 8LXD, EV 88.8 MPH)
|
Batting: RHB Norinaga Yamakawakamatsu
|
0-0: Ball 1-0: Foul Ball, location: 2F 1-1: SINGLE (Line Drive, 6MD, EV 95.6 MPH)
|
Batting: RHB Alejandro Patron
|
0-0: Called Strike 0-1: Called Strike 0-2: Fly out, F8 (Flyball, 8LD, EV 97.5 MPH)
|
Bottom of the 1st over - 0 runs, 1 hit, 0 errors, 1 left on base; Madison 0 - Calgary 0 |
TOP OF THE 2ND |
Madison Brewers batting - Pitching for Calgary Flames : RHP Nick Munk
|
Batting: LHB Tony Hasbun
|
0-0: Fly out, F9 (Flyball, 89S, EV 88.8 MPH)
|
Batting: RHB Steve Brock
|
0-0: Called Strike 0-1: Swinging Strike 0-2: SINGLE (Groundball, 4MD, EV 106.9 MPH)
|
Batting: RHB Ben Follett
|
0-0: Called Strike Steve Brock is caught stealing 2nd base 2-4 0-1: Ball 1-1: Ball 2-1: Foul Ball, location: 2F 2-2: Ball 3-2: Fly out, F9 (Flyball, 89M, EV 90.0 MPH)
|
Top of the 2nd over - 0 runs, 1 hit, 0 errors, 0 left on base; Madison 0 - Calgary 0 |
BOTTOM OF THE 2ND |
Calgary Flames batting - Pitching for Madison Brewers : RHP Dillon Atkinson
|
Batting: LHB Gary Corrales
|
0-0: Ball 1-0: Ball 2-0: Called Strike 2-1: Ball 3-1: Fly out, F7 (Line Drive, 7, EV 86.9 MPH)
|
Batting: RHB Peter Frankel
|
0-0: Foul Ball, location: 2F 0-1: SINGLE (Groundball, 6M, EV 103.8 MPH) (infield hit)
|
Batting: RHB Chad Stady
|
0-0: Foul Ball, location: 2F 0-1: Ball 1-1: Foul Ball, location: 2F 1-2: Foul Ball, location: 2F 1-2: Strikes out looking
|
Batting: RHB Andy Thomas
|
0-0: Fly out, F7 (Flyball, 78M, EV 95.6 MPH)
|
Bottom of the 2nd over - 0 runs, 1 hit, 0 errors, 1 left on base; Madison 0 - Calgary 0 |
TOP OF THE 3RD |
Madison Brewers batting - Pitching for Calgary Flames : RHP Nick Munk
|
Batting: RHB Malcolm McCauley
|
0-0: Ball 1-0: Ball 2-0: Foul Ball, location: 2F 2-1: Ball 3-1: Foul Ball, location: 2F 3-2: Strikes out swinging
|
Batting: RHB Kelan Rae
|
0-0: Swinging Strike 0-1: Swinging Strike 0-2: Ball 1-2: Ball 2-2: Ball 3-2: Strikes out looking
|
Batting: LHB Andy Buschlen
|
0-0: Ball 1-0: Ball 2-0: Ball 3-0: Called Strike 3-1: Swinging Strike 3-2: SINGLE (Groundball, 56D, EV 105.6 MPH)
|
Batting: LHB Jose Simental
|
0-0: Foul Ball, location: 2F 0-1: Foul Ball, location: 2F 0-2: Foul Ball, location: 2F 0-2: Ground out 4-3 (Groundball, 4, EV 103.8 MPH)
|
Top of the 3rd over - 0 runs, 1 hit, 0 errors, 1 left on base; Madison 0 - Calgary 0 |
BOTTOM OF THE 3RD |
Calgary Flames batting - Pitching for Madison Brewers : RHP Dillon Atkinson
|
Batting: RHB Antonio Martinez
|
0-0: Called Strike 0-1: Foul Ball, location: 2F 0-2: Foul Ball, location: 2F 0-2: Ball 1-2: Ball 2-2: Ball 3-2: Base on Balls
|
Batting: LHB Garrett Dodge
|
0-0: Fly out, F3 (Line Drive, 3L, EV 68.8 MPH)
|
Batting: RHB Andre Thompson
|
0-0: Ball 1-0: Ball 2-0: Ball 3-0: Called Strike 3-1: Swinging Strike 3-2: Strikes out swinging
|
Batting: RHB Norinaga Yamakawakamatsu
|
0-0: Ball 1-0: Fly out, F8 (Flyball, 8RM, EV 79.4 MPH)
|
Bottom of the 3rd over - 0 runs, 0 hits, 0 errors, 1 left on base; Madison 0 - Calgary 0 |
TOP OF THE 4TH |
Madison Brewers batting - Pitching for Calgary Flames : RHP Nick Munk
|
Batting: LHB Bill Kovac
|
0-0: Ball 1-0: Ball 2-0: Called Strike 2-1: Called Strike 2-2: Foul Ball, location: 2F 2-2: Ball 3-2: Strikes out swinging
|
Batting: RHB Jelani Griffin
|
0-0: Called Strike 0-1: SINGLE (Groundball, 4MD, EV 105.6 MPH)
|
Batting: LHB Tony Hasbun
|
0-0: Called Strike Jelani Griffin is caught stealing 2nd base 2-6 0-1: Ball 1-1: Swinging Strike 1-2: Foul Ball, location: 2F 1-2: TRIPLE (Flyball, 78XD, EV 91.9 MPH)
|
Batting: RHB Steve Brock
|
0-0: SINGLE (Flyball, 5D, EV 83.8 MPH) Tony Hasbun scores
|
Batting: RHB Ben Follett
|
0-0: Ball 1-0: Ball 2-0: Ball 3-0: Base on Balls Steve Brock to second
|
Batting: RHB Malcolm McCauley
|
0-0: Ball 1-0: Ball 2-0: Ball 3-0: Called Strike 3-1: Base on Balls Steve Brock to third Ben Follett to second
|
Batting: RHB Kelan Rae
|
0-0: Called Strike 0-1: Foul Ball, location: 2F 0-2: Strikes out swinging
|
Top of the 4th over - 1 run, 3 hits, 0 errors, 3 left on base; Madison 1 - Calgary 0 |
BOTTOM OF THE 4TH |
Calgary Flames batting - Pitching for Madison Brewers : RHP Dillon Atkinson
|
Batting: RHB Alejandro Patron
|
0-0: Swinging Strike 0-1: Called Strike 0-2: Ball 1-2: Ball 2-2: Foul Ball, location: 2F 2-2: Foul Ball, location: 2F 2-2: Foul Ball, location: 2F 2-2: Foul Ball, location: 2F 2-2: Strikes out swinging
|
Batting: LHB Gary Corrales
|
0-0: SINGLE (Groundball, 4MD, EV 95.0 MPH)
|
Batting: RHB Peter Frankel
|
0-0: Called Strike 0-1: Ball 1-1: Foul Ball, location: 2F 1-2: Foul Ball, location: 2F 1-2: Ball 2-2: Foul Ball, location: 2F 2-2: Foul Ball, location: 2F 2-2: Ball 3-2: Fielders Choice at 2nd, 5-4 (Groundball, 5, EV 106.2 MPH)
|
Batting: RHB Chad Stady
|
0-0: Called Strike 0-1: Ball 1-1: Ball 2-1: Swinging Strike 2-2: Fly out, F8 (Flyball, 8RM, EV 88.1 MPH)
|
Bottom of the 4th over - 0 runs, 1 hit, 0 errors, 1 left on base; Madison 1 - Calgary 0 |
TOP OF THE 5TH |
Madison Brewers batting - Pitching for Calgary Flames : RHP Nick Munk
|
Batting: LHB Andy Buschlen
|
0-0: Called Strike 0-1: Swinging Strike 0-2: Ball 1-2: Ball 2-2: Strikes out swinging
|
Batting: LHB Jose Simental
|
0-0: Ball 1-0: Called Strike 1-1: Called Strike 1-2: Strikes out swinging
|
Batting: LHB Bill Kovac
|
0-0: Fly out, F5 (Popup, 5SF, EV 70.6 MPH)
|
Top of the 5th over - 0 runs, 0 hits, 0 errors, 0 left on base; Madison 1 - Calgary 0 |
BOTTOM OF THE 5TH |
Calgary Flames batting - Pitching for Madison Brewers : RHP Dillon Atkinson
|
Batting: RHB Andy Thomas
|
0-0: Ball 1-0: Called Strike 1-1: Ground out 5-3 (Groundball, 56, EV 83.8 MPH)
|
Batting: RHB Antonio Martinez
|
0-0: Swinging Strike 0-1: Foul Ball, location: 2F 0-2: Strikes out swinging
|
Batting: LHB Garrett Dodge
|
0-0: Ball 1-0: Called Strike 1-1: Called Strike 1-2: Strikes out swinging
|
Bottom of the 5th over - 0 runs, 0 hits, 0 errors, 0 left on base; Madison 1 - Calgary 0 |
TOP OF THE 6TH |
Madison Brewers batting - Pitching for Calgary Flames : RHP Nick Munk
|
Batting: RHB Jelani Griffin
|
0-0: Ball 1-0: Foul Ball, location: 2F 1-1: Foul Ball, location: 2F 1-2: Ball 2-2: SINGLE (Groundball, 56D, EV 101.2 MPH)
|
Batting: LHB Tony Hasbun
|
0-0: Ball 1-0: Ball 2-0: Fly out, F7 (Flyball, 78S, EV 78.1 MPH)
|
Batting: RHB Steve Brock
|
0-0: Ball 1-0: Ball 2-0: SINGLE (Line Drive, 9S, EV 96.9 MPH) Jelani Griffin to second Throwing error, E9 Jelani Griffin scores Steve Brock to second
|
Pitching: RHP Bruce Boivin
|
|
Pinch Hitting: RHB Tristan Smeets
|
0-0: Foul Ball, location: 2F 0-1: Reached on error, E6 (Groundball, 6S, EV 88.1 MPH) Steve Brock to third
|
Batting: RHB Malcolm McCauley
|
0-0: Called Strike 0-1: Called Strike 0-2: Ball 1-2: Ball 2-2: Ball 3-2: DOUBLE (Line Drive, 89XD, EV 105.6 MPH) Steve Brock scores Tristan Smeets to third Runner from 3rd tries for Home, SAFE, throw by RF to trailing runner, SAFE at third!
|
Batting: LHB Jesus Huante
|
0-0: Ball 1-0: 2-RUN HOME RUN (Flyball, 9D, EV 99.4 MPH), Distance : 392 ft
|
Pitching: RHP Danny Araiza
|
|
Batting: LHB Andy Buschlen
|
0-0: Called Strike 0-1: Swinging Strike 0-2: Strikes out swinging
|
Batting: LHB Jose Simental
|
0-0: Called Strike 0-1: Foul Ball, location: 2F 0-2: Foul Ball, location: 2F 0-2: Ground out 1-3 (Groundball, 13, EV 69.4 MPH)
|
Top of the 6th over - 5 runs, 4 hits, 2 errors, 0 left on base; Madison 6 - Calgary 0 |
BOTTOM OF THE 6TH |
Calgary Flames batting - Pitching for Madison Brewers : RHP Dillon Atkinson
|
Now at 1B: Jelani Griffin
|
|
Now at 3B: Bobby Raya
|
|
Batting: RHB Andre Thompson
|
0-0: Called Strike 0-1: Ground out 6-3 (Groundball, 6, EV 101.2 MPH)
|
Batting: RHB Norinaga Yamakawakamatsu
|
0-0: Ball 1-0: Foul Ball, location: 2F 1-1: Ball 2-1: Swinging Strike 2-2: Strikes out swinging
|
Batting: RHB Alejandro Patron
|
0-0: Ball 1-0: Fly out, F8 (Flyball, 8LXD, EV 104.4 MPH)
|
Bottom of the 6th over - 0 runs, 0 hits, 0 errors, 0 left on base; Madison 6 - Calgary 0 |
TOP OF THE 7TH |
Madison Brewers batting - Pitching for Calgary Flames : RHP Danny Araiza
|
Batting: LHB Bill Kovac
|
0-0: Foul Ball, location: 2F 0-1: SINGLE (Groundball, 34D, EV 95.0 MPH)
|
Batting: RHB Jelani Griffin
|
0-0: Foul Ball, location: 2F 0-1: Called Strike 0-2: Fly out, F4 (Popup, 4, EV 59.4 MPH)
|
Batting: LHB Tony Hasbun
|
0-0: Ball 1-0: Called Strike 1-1: SINGLE (Line Drive, 7S, EV 103.8 MPH) Bill Kovac to second Bill Kovac to third
|
Batting: RHB Steve Brock
|
0-0: Called Strike 0-1: Ball 1-1: Ball 2-1: SINGLE (Groundball, 56D, EV 96.9 MPH) Bill Kovac scores Tony Hasbun to second
|
Batting: RHB Bobby Raya
|
0-0: Swinging Strike 0-1: Grounds into double play, 6-4-3 (Groundball, 6S, EV 90.6 MPH)
|
Top of the 7th over - 1 run, 3 hits, 0 errors, 1 left on base; Madison 7 - Calgary 0 |
BOTTOM OF THE 7TH |
Calgary Flames batting - Pitching for Madison Brewers : RHP Dillon Atkinson
|
Pitching: RHP Dave Mata
|
|
Pinch Hitting: RHB Matt Parkinson
|
0-0: Fly out, F9 (Flyball, 89M, EV 87.5 MPH)
|
Batting: RHB Peter Frankel
|
0-0: Ball 1-0: Foul Ball, location: 2F 1-1: Foul Ball, location: 2F 1-2: Ball 2-2: Strikes out looking
|
Batting: RHB Chad Stady
|
0-0: Ball 1-0: Ball 2-0: Foul Ball, location: 2F 2-1: Swinging Strike 2-2: Ball 3-2: Strikes out looking
|
Bottom of the 7th over - 0 runs, 0 hits, 0 errors, 0 left on base; Madison 7 - Calgary 0 |
TOP OF THE 8TH |
Madison Brewers batting - Pitching for Calgary Flames : RHP Danny Araiza
|
Now at 2B: Pablo Henriquez
|
|
Now at SS: Andre Thompson
|
|
Now in LF: Antonio Martinez
|
|
Now in CF: Peter Frankel
|
|
Pinch Hitting: LHB Moriaki Saito
|
0-0: Ball 1-0: Ball 2-0: Ground out 4-3 (Groundball, 4S, EV 65.0 MPH)
|
Batting: LHB Jesus Huante
|
0-0: Called Strike 0-1: Ball 1-1: Called Strike 1-2: SINGLE (Line Drive, 7LM, EV 93.1 MPH)
|
Pinch Hitting: RHB Daniel Pena
|
0-0: Swinging Strike 0-1: Called Strike 0-2: Foul Ball, location: 2F 0-2: Ball 1-2: Ball 2-2: Foul Ball, location: 2F 2-2: Strikes out swinging
|
Pinch Hitting: RHB Alejandro Collazo
|
0-0: Called Strike 0-1: Ball 1-1: Ball 2-1: DOUBLE (Line Drive, 7LS, EV 96.2 MPH) Jesus Huante to third Runner from 3rd tries for Home, SAFE, throw by LF to trailing runner, SAFE at third!
|
Batting: LHB Bill Kovac
|
0-0: Ball 1-0: Called Strike 1-1: Ball 2-1: Foul Ball, location: 2F 2-2: Ball 3-2: Strikes out looking
|
Top of the 8th over - 1 run, 2 hits, 0 errors, 1 left on base; Madison 8 - Calgary 0 |
BOTTOM OF THE 8TH |
Calgary Flames batting - Pitching for Madison Brewers : RHP Dave Mata
|
Now at SS: Alejandro Collazo
|
|
Now in CF: Manny Olave
|
|
Now in RF: Daniel Pena
|
|
Batting: RHB Andy Thomas
|
0-0: Called Strike 0-1: Called Strike 0-2: Strikes out swinging
|
Pinch Hitting: LHB Bruce Daley
|
0-0: Swinging Strike 0-1: Swinging Strike 0-2: Ball 1-2: Foul Ball, location: 2F 1-2: Strikes out swinging
|
Batting: LHB Garrett Dodge
|
0-0: Ball 1-0: Foul Ball, location: 2F 1-1: Ball 2-1: Called Strike 2-2: Ball 3-2: Strikes out swinging
|
Bottom of the 8th over - 0 runs, 0 hits, 0 errors, 0 left on base; Madison 8 - Calgary 0 |
TOP OF THE 9TH |
Madison Brewers batting - Pitching for Calgary Flames : RHP Danny Araiza
|
Pitching: RHP Dylan Aceituno
|
|
Now in LF: Juan Mercado
|
|
Pinch Hitting: LHB Jackson Wither
|
0-0: Ball 1-0: Ball 2-0: Fly out, F8 (Flyball, 8RM, EV 88.8 MPH)
|
Pinch Hitting: RHB Troy Morin
|
0-0: Ball 1-0: Ball 2-0: Ball 3-0: Base on Balls
|
Pinch Hitting: RHB Franklin van den Berg
|
0-0: Ball Troy Morin steals 2nd base (no throw) 1-0: Called Strike 1-1: Ball 2-1: Foul Ball, location: 2F 2-2: Ground out 4-3 (Groundball, 4S, EV 87.5 MPH) Troy Morin to third
|
Batting: RHB Bobby Raya
|
0-0: Called Strike 0-1: Ball 1-1: Ball 2-1: Swinging Strike 2-2: Ground out 6-3 (Groundball, 6, EV 80.6 MPH)
|
Top of the 9th over - 0 runs, 0 hits, 0 errors, 1 left on base; Madison 8 - Calgary 0 |
BOTTOM OF THE 9TH |
Calgary Flames batting - Pitching for Madison Brewers : RHP Dave Mata
|
Now at C: Franklin van den Berg
|
|
Now at 1B: Yang-cheng Kui
|
|
Now at 2B: Jackson Wither
|
|
Batting: RHB Andre Thompson
|
0-0: Called Strike 0-1: Called Strike 0-2: Strikes out swinging
|
Batting: RHB Norinaga Yamakawakamatsu
|
0-0: Ball 1-0: Ball 2-0: Ball 3-0: Called Strike 3-1: Foul Ball, location: 2F 3-2: Base on Balls
|
Batting: RHB Alejandro Patron
|
0-0: Grounds into double play, 5-4-3 (Groundball, 56, EV 88.8 MPH)
|
Bottom of the 9th over - 0 runs, 0 hits, 0 errors, 0 left on base; Madison 8 - Calgary 0 |
|